 Dungeon Crawl Stone Soup version 0.22-a0-433-gd2a9cce0b5 (webtiles) character file.

24 Ordine the Insei (level 3, -1/19 HPs)
             Began as a Vine Stalker Monk on May 28, 2018.
             Slain by a goblin
             ... wielding a +0 club
              (3 damage)
             ... on level 2 of the Dungeon.
             The game lasted 00:02:17 (702 turns).

Ordine the Insei (Vine Stalker Monk)                 Turns: 702, Time: 00:02:18

Health: -1/19      AC:  2    Str: 13    XL:     3   Next: 2%
Magic:  0/4        EV: 13    Int: 11    God:
Gold:   34         SH:  0    Dex: 16    Spells: 2/2 levels left

rFire    . . .     SeeInvis .     - Unarmed
rCold    . . .     Gourm    .   (no shield)
rNeg     . . .     Faith    .   a - +0 robe
rPois    .         Spirit   +   (no helmet)
rElec    .         Reflect  .   (no cloak)
rCorr    .         Harm     .   (no gloves)
MR       .....                  (no boots)
Stlth    ++........             (no amulet)
HPRegen  0.06/turn              (no ring)
MPRegen  0.09/turn              (no ring)

@: no status effects
A: fangs 2, magic shield, antimagic bite, no potion heal 3, rot immunity
a: no special abilities


You were on level 2 of the Dungeon.
You were not hungry.

You visited 1 branch of the dungeon, and saw 2 of its levels.

You collected 34 gold pieces.

Inventory:

Armour
 a - a +0 robe (worn)
Scrolls
 c - a scroll of teleportation {unknown}
 d - a scroll of identify {unknown}
 f - a scroll of blinking {unknown}
Potions
 e - 2 potions of ambrosia {unknown}
Comestibles
 b - a ration
 g - 3 chunks of flesh


   Skills:
 - Level 2.6 Fighting
 - Level 2.4 Dodging
 - Level 2.4 Stealth
 * Level 4.1 Unarmed Combat


You had 2 spell levels left.
You didn't know any spells.
Your spell library was empty.

Dungeon Overview and Level Annotations

Branches:
Dungeon (2/15)

Altars:


Innate Abilities, Weirdness & Mutations

You have extremely sharp teeth.
When hurt, damage is shared between your health and your magic reserves.
Your bite disrupts and absorbs the magic of your enemies.
Potions cannot restore your health.
You are immune to rotting.


Message History

Increase (S)trength, (I)ntelligence, or (D)exterity?
You feel clever.
A goblin comes into view. It is wielding a club.
You see here 12 gold pieces.
Found a glowing sapphire potion.
Things that are here:
a club; a hobgoblin corpse You butcher the hobgoblin corpse.
The goblin shouts!
You hear a bark!
The goblin unwields an uncursed club.
The goblin wields a hunting sling.
The goblin shoots a sling bullet.
The sling bullet hits you!
* * * LOW HITPOINT WARNING * * *
Things that are here:
a sling bullet; a club; 3 chunks of flesh The goblin shoots a sling bullet.
The sling bullet closely misses you.
A jackal comes into view.
The goblin unwields an uncursed hunting sling.
The goblin wields an uncursed club.
The goblin hits you with an uncursed club.
You die...

#.(...# #.....# .
####.....# ..
###....>.).#
...#..........#
.............(#
...........$..#
............<.#
.......@..(##.....#
..h...g........####
...!.......##.##
..##.......# .# #
#.......# .#
##.....## .#
##>..## .# #####


You could see a jackal and a goblin.

Vanquished Creatures
  An ooze (D:1)
  2 leopard geckos
  A giant cockroach (D:1)
  4 hobgoblins
  3 kobolds (D:1)
  A bat (D:1)
  A frilled lizard (D:1)
  2 goblins (D:1)
  2 rats
17 creatures vanquished.

Notes
Turn   | Place    | Note
-------+----------+-------------------------------------------
     0 | D:1      | Ordine the Vine Stalker Monk began the quest for the Orb.
     0 | D:1      | Reached XP level 1. HP: 11/11 MP: 2/2
   361 | D:1      | Reached XP level 2. HP: 16/16 MP: 3/3
   657 | D:2      | Reached skill level 4 in Unarmed Combat
   695 | D:2      | Reached XP level 3. HP: 6/19 MP: 4/4
   702 | D:2      | Slain by a goblin

Vault maps used:
D:1:      tarquinn_simple_flora_water_e
D:2:      overflow_temple_1_default, uniq_jessica

Skill      XL: |  1  2 |
---------------+-------+-----
Unarmed Combat | 4 |  4.1
Fighting       | |  2.6
Dodging        | |  2.4
Stealth        | |  2.4

Action                   || total
-------------------------++-------
Melee: Unarmed           ||    45
       Bite              ||     6
 Stab: Sleeping          ||     4
Armor: Robe              ||     5
Dodge: Dodged            ||    30

Table legend:
 A = Spawn XP
 B = Non-spawn XP
 C = Spawn XP percentage of total XP
 D = Spawn monster count
 E = Non-spawn monster count
 F = Spawn count percentage of total count
 G = Total turns spent on level
                    A         B        C        D         E        F      G
               +---------+---------+-------+---------+---------+-------+---------
         Total |       0 |      35 |   0.0 |       0 |      17 |   0.0 |   702
               +---------+---------+-------+---------+---------+-------+---------
           D:1 |       0 |      27 |   0.0 |       0 |      13 |   0.0 |   649
           D:2 |       0 |       8 |   0.0 |       0 |       4 |   0.0 |    53
               +---------+---------+-------+---------+---------+-------+---------
